 Dungeon Crawl Stone Soup version 0.19.1-1-g22dce08 (webtiles) character file.

883 Agyhalal the Cleaver (level 8, -5/66 HPs)
             Began as a Hill Orc Fighter on Jan 15, 2017.
             Killed from afar by awk's ghost (8 damage)
             ... with a stone arrow
             ... on level 5 of the Dungeon.
             The game lasted 00:08:55 (2886 turns).

Agyhalal the Cleaver (Hill Orc Fighter)             Turns: 2886, Time: 00:08:55

Health: -5/66      AC: 11    Str: 21    XL:     8   Next: 5%
Magic:  8/8        EV:  5    Int:  8    God:
Gold:   170        SH:  9    Dex: 10    Spells: 1 memorised, 5 levels left

rFire  . . .     SeeInvis .     a - +0 war axe
rCold  . . .     Gourm    .     y - +0 chain mail
rNeg   . . .     Faith    .     c - +0 shield
rPois  .         Spirit   .     p - +0 helmet
rElec  .         Reflect  .     (no cloak)
rCorr  .         Harm     .     x - +0 pair of gloves
MR     .....                    (no boots)
Stlth  ..........               (no amulet)
                                (no ring)
                                (no ring)

@: no status effects
A: no striking features
a: no special abilities


You were on level 5 of the Dungeon.
You were hungry.

You visited 1 branch of the dungeon, and saw 5 of its levels.

You collected 170 gold pieces.

Inventory:

Hand Weapons
 a - a +0 war axe (weapon)
Armour
 c - a +0 shield (worn)
 p - a +0 helmet (worn)
 x - a +0 pair of gloves (worn)
 y - a +0 chain mail (worn)
Scrolls
 d - a scroll of amnesia {unknown}
 e - 5 scrolls of recharging {unknown}
 h - a scroll of fog {unknown}
 l - a scroll of identify {unknown}
 n - a scroll of magic mapping {unknown}
 o - 2 scrolls of teleportation {unknown}
 r - a scroll of remove curse {unknown}
 t - a scroll of fear {unknown}
 z - 3 scrolls of enchant armour {unknown}
 A - 2 scrolls of noise {unknown}
Potions
 b - 2 potions of flight {unknown}
 g - a potion of haste {unknown}
 i - a potion of agility {unknown}
 k - 3 potions of curing {unknown}
 m - a potion of degeneration {unknown}
 s - 2 potions of berserk rage {unknown}
 w - a potion of cancellation {unknown}
Comestibles
 f - 3 bread rations
 j - 2 fruits
 q - 3 slices of pizza
 u - a beef jerky


   Skills:
 + Level 3.8 Fighting
 + Level 11.4 Axes
 + Level 3.4 Armour
 + Level 3.4 Shields


You had 5 spell levels left.
You knew the following spells:

 Your Spells              Type           Power        Failure   Level  Hunger
a - Blink                 Tloc           N/A          100%        2    ###....


Dungeon Overview and Level Annotations

Branches:
Dungeon (5/15)
 Temple: D:4-7

Altars:
Cheibriados
Gozag
Ru
Vehumet

Shops:
D:4 }

Annotations:
D:5 awk's ghost, novice GrEE


Message History

You closely miss the hound zombie.
The hound zombie is heavily damaged.
You block the hound zombie's attack.
The hound zombie bites you but does no damage.
You slash the hound zombie!
The hound zombie is almost destroyed.
The hound zombie bites you but does no damage.
You hit the hound zombie.
The hound zombie is almost destroyed.
Awk's ghost casts a spell at you. The stone arrow hits you!
* * * LOW HITPOINT WARNING * * *
The hound zombie bites you but does no damage.
You slash the hound zombie!
You destroy the hound zombie!
You slice the bullfrog zombie!!
The bullfrog zombie is heavily damaged.
Awk's ghost points at you and mumbles some strange words.
The stone arrow hits you!
You die...

....#. ....
#.... .....
...$ .....
..##.#...
#(#......
..#####<.......
#.......W.....
...####........
#@Z......
#.<†......
#.........
#...(.....
##........
##...#...
#######


You could see awk's ghost and a bullfrog zombie.

Vanquished Creatures
  The ghost of fatfloppyjuicyveiny the Quickloader, a novice KoHu (D:4)
  An ogre (D:4)
  A centaur (D:4)
  A scorpion (D:5)
  A centaur skeleton (D:4)
  Jessica (D:3)
  Ijyb (D:3)
  An orc wizard (D:4)
  Natasha (thrice) (D:2)
  A hound zombie (D:5)
  Robin (D:3)
  5 adders
  6 gnolls
  A howler monkey skeleton (D:4)
  2 shadow imps
  2 oozes
  5 dart slugs
  2 leopard geckos (D:4)
  5 orcs
  3 giant cockroaches
  17 goblins
  11 hobgoblins
  6 jackals (D:2)
  A ball python (D:1)
  2 bats
  3 frilled lizards
  6 kobolds
  A leopard gecko skeleton (D:4)
  7 rats
98 creatures vanquished.

Notes
Turn   | Place    | Note
-------+----------+-------------------------------------------
     0 | D:1      | Agyhalal the Hill Orc Fighter began the quest for the Orb.
     0 | D:1      | Reached XP level 1. HP: 19/19 MP: 1/1
    35 | D:1      | Reached skill level 3 in Axes
    38 | D:1      | Reached XP level 2. HP: 23/26 MP: 2/2
    55 | D:1      | Reached skill level 4 in Axes
   227 | D:1      | Reached XP level 3. HP: 29/31 MP: 3/3
   545 | D:1      | Reached skill level 5 in Axes
   754 | D:2      | Reached XP level 4. HP: 17/39 MP: 4/4
   839 | D:2      | Noticed Natasha
   850 | D:2      | Killed Natasha
   850 | D:2      | Reached skill level 6 in Axes
  1031 | D:2      | Found a snail-covered altar of Cheibriados.
  1111 | D:2      | Noticed Natasha
  1117 | D:2      | Killed Natasha
  1117 | D:2      | Reached XP level 5. HP: 42/45 MP: 5/5
  1221 | D:2      | Noticed Natasha
  1231 | D:2      | HP: 1/45 [Natasha (4)]
  1234 | D:2      | Killed Natasha
  1234 | D:2      | Reached skill level 7 in Axes
  1256 | D:2      | Found a radiant altar of Vehumet.
  1694 | D:3      | Noticed Ijyb
  1703 | D:3      | Killed Ijyb
  1774 | D:3      | Noticed Robin
  1787 | D:3      | Reached skill level 8 in Axes
  1787 | D:3      | Reached XP level 6. HP: 49/51 MP: 6/6
  1797 | D:3      | Killed Robin
  1865 | D:3      | Noticed Jessica
  1876 | D:3      | Killed Jessica
  2065 | D:3      | Found an opulent altar of Gozag.
  2065 | D:3      | Found a sacrificial altar of Ru.
  2257 | D:4      | Reached skill level 9 in Axes
  2319 | D:4      | Found Jaychen's Gadget Boutique.
  2322 | D:4      | Noticed fatfloppyjuicyveiny's ghost (novice KoHu)
  2331 | D:4      | Killed fatfloppyjuicyveiny's ghost
  2331 | D:4      | Reached skill level 10 in Axes
  2331 | D:4      | Reached XP level 7. HP: 38/57 MP: 7/7
  2355 | D:4      | Learned a level 2 spell: Blink
  2777 | D:4      | Reached skill level 11 in Axes
  2872 | D:5      | Entered Level 5 of the Dungeon
  2879 | D:5      | Noticed awk's ghost (novice GrEE)
  2880 | D:5      | Reached XP level 8. HP: 49/66 MP: 8/8
  2884 | D:5      | HP: 2/66 [awk's ghost/stone arrow (28)]
  2886 | D:5      | Killed from afar by awk's ghost

Skill      XL: |  1  2  3  4  5  6  7 |
---------------+----------------------+-----
Axes           | 3 4 5 6 8 10 11 | 11.4
Fighting       | |  3.8
Armour         | |  3.4
Shields        | |  3.4

Action                   |  1- 3 |  4- 6 |  7- 9 || total
-------------------------+-------+-------+-------++-------
Melee: War axe           |    64 |   175 |    56 ||   295
  Use: Potion            |     1 |     1 |       ||     2
  Eat: Chunk             |       |     5 |     1 ||     6
Armor: Scale mail        |    22 |    42 |       ||    64
       Chain mail        |       |    31 |    31 ||    62
Dodge: Dodged            |    15 |    46 |    10 ||    71
Block: Shield            |    18 |    93 |    30 ||   141
